 Dungeon Crawl Stone Soup version 0.27-a0-1502-g47ed6a6988 (webtiles) character file.

Game seed: 14469787447183217052

9261 dolemite99 the Cleaver (level 11, 0/94 HPs)
             Began as a Minotaur Fighter on July 8, 2021.
             Was a High Priest of Okawaru.
             Slain by a five-headed hydra (7 damage)
             ... on level 14 of the Dungeon.
             The game lasted 00:12:42 (13261 turns).

dolemite99 the Cleaver (Minotaur Fighter)          Turns: 13261, Time: 00:12:42

Health: 0/94       AC: 17    Str: 25    XL:     11   Next: 20%
Magic:  14/15      EV:  9    Int:  5    God:    Okawaru [*****.]
Gold:   160        SH:  5    Dex:  9    Spells: 10/10 levels left

rFire    . . .     SeeInvis .   b - +2 hand crossbow (vorpal)
rCold    . . .     Faith    +   t - +0 buckler of Fabulous Mirth {+Inv rPois Slay+5 Stlth-}
rNeg     + . .     Spirit   .   M - +0 plate armour
rPois    +         Reflect  .   (helmet restricted)
rElec    .         Harm     .   (no cloak)
rCorr    .         Rampage  .   (no gloves)
Will     .....                  C - +0 pair of boots
Stlth    ..........             r - amulet of faith
HPRegen  0.25/turn              u - ring of positive energy
MPRegen  0.14/turn              (no ring)

@: heroic
A: horns 2, retaliatory headbutt
a: Renounce Religion, Evoke Invisibility, Heroism, Finesse


You were on level 14 of the Dungeon.
You worshipped Okawaru.
Okawaru was extremely pleased with you.
You visited 1 branch of the dungeon, and saw 12 of its levels.

You collected 720 gold pieces.
You spent 560 gold pieces at shops.

Inventory:

Hand Weapons
 a - a +0 war axe
 b - a +2 vorpal hand crossbow (weapon)
 j - a +0 hunting sling
 v - a +0 club
 A - a +0 hand axe of distortion
 F - a +3 spear
 L - a +0 arbalest
Missiles
 h - 113 bolts (quivered ammo)
 i - 356 stones
 k - 358 arrows
 o - 8 curare-tipped darts
 p - 7 poisoned darts
 w - 85 sling bullets
 B - a throwing net
 G - 7 boomerangs of dispersal
 P - 2 boomerangs
Armour
 c - a +1 kite shield
 t - the +0 buckler of Fabulous Mirth (worn) {+Inv rPois Slay+5 Stlth-}
   (You found it on level 4 of the Dungeon)

   Slay:      It affects your accuracy & damage with ranged weapons and melee
   (+5).
   rPois:     It protects you from poison.
   +Inv:      It lets you turn invisible.
   Stlth:     It makes you less stealthy.
 C - a +0 pair of boots (worn)
 M - a +0 plate armour (worn)
 N - a scarf of invisibility
Jewellery
 q - a ring of ice
 r - an amulet of faith (around neck)
 u - a ring of positive energy (left hand)
 E - a ring of poison resistance
Wands
 d - a wand of charming (4)
 x - a wand of polymorph (8)
 J - a wand of flame (12)
Scrolls
 n - 4 scrolls of teleportation
 O - a scroll of enchant armour
Potions
 e - 2 potions of resistance
 f - a potion of flight
 g - 2 potions of heal wounds {unknown}
 l - a potion of magic {unknown}
 m - 5 potions of lignification
 s - 2 potions of curing
 z - a potion of mutation {unknown}
 D - a potion of berserk rage {unknown}
 H - a potion of attraction {unknown}
 I - a potion of degeneration {unknown}
 K - 2 potions of cancellation {unknown}


   Skills:
 - Level 7.8(12.8) Fighting
 + Level 13.9(18.9) Axes
 - Level 6.0(11.0) Crossbows
 - Level 7.8(12.8) Armour
 - Level 3.6(8.6) Shields
 - Level 6.7 Invocations
 - Level 4.0 Evocations


You had 10 spell levels left.
You didn't know any spells.
Your spell library contained the following spells:

 Spells                   Type           Power      Damage    Failure   Level
 Corona                   Hex            0%         N/A       99%         1
 Summon Small Mammal      Summ           0%         N/A       99%         1
 Ensorcelled Hibernation  Hex/Ice        0%         N/A       100%        2
 Passwall                 Tmut/Erth      0%         N/A       100%        2
 Slow                     Hex            0%         N/A       100%        2
 Sublimation of Blood     Necr           0%         N/A       100%        2
 Wereblood                Tmut           0%         N/A       100%        2
 Call Canine Familiar     Summ           0%         N/A       100%        3
 Confusing Touch          Hex            0%         N/A       100%        3
 Conjure Flame            Conj/Fire      0%         6-21      100%        3
 Ignite Poison            Fire/Tmut/Pois 0%         N/A       100%        3
 Inner Flame              Hex/Fire       0%         N/A       100%        3
 Mephitic Cloud           Conj/Pois/Air  0%         N/A       100%        3
 Ozocubu's Armour         Ice            0%         N/A       100%        3
 Summon Guardian Golem    Hex/Summ       0%         N/A       100%        3
 Swiftness                Air            0%         N/A       100%        3
 Tukima's Dance           Hex            0%         N/A       100%        3
 Animate Dead             Necr           0%         N/A       100%        4
 Cause Fear               Hex            0%         N/A       100%        4
 Sticky Flame             Conj/Fire      0%         2d3       100%        4
 Bolt of Magma            Conj/Fire/Erth 0%         4d4       100%        5
 Borgnjor's Vile Clutch   Necr/Erth      0%         N/A       100%        5
 Metabolic Englaciation   Hex/Ice        0%         N/A       100%        5
 Yara's Violent Unravell  Hex/Tmut       0%         3d3       100%        5
 Death Channel            Necr           0%         N/A       100%        6
 Invisibility             Hex            0%         N/A       100%        6
 Simulacrum               Ice/Necr       0%         N/A       100%        6
 Summon Hydra             Summ           0%         N/A       100%        7
 Discord                  Hex            0%         N/A       100%        8


Dungeon Overview and Level Annotations

Branches:
Dungeon (11/15)            Temple (0/1) D:7             Orc (0/2) D:9
   Lair: D:8-11

Altars:
Hepliaklqana
Nemelex Xobeh
Okawaru
Qazlal
Sif Muna
Uskayaw

Shops:
D:1 =


Innate Abilities, Weirdness & Mutations

You have a pair of horns on your head.
You reflexively headbutt those who attack you in melee.


Message History

You shoot a bolt.
The bolt barely misses the tengu warrior.
The tengu warrior shoots a bolt.
You block the bolt.
Fire: 116 bolts
Press: ? - help, Q - select action, (/) - cycle Shift-Dir - straight line, f/p - tengu warrior
Aim: a tengu warrior, wielding a +0 arbalest, wearing a +0 ring mail and quivering bolts (severely wounded, 61% to hit)
You shoot a bolt.
The bolt closely misses the tengu warrior.
Aiming: Charm
Press: ? - help, Shift-Dir - straight line, f/p - tengu warrior
Aim: a tengu warrior, wielding a +0 arbalest, wearing a +0 ring mail and quivering bolts (severely wounded, chance to affect: 40%)
The tengu warrior is charmed.
The four-headed hydra bites you.
You block the four-headed hydra's attack.
The four-headed hydra bites you. x2
Fire: 115 bolts
Press: ? - help, Q - select action, (/) - cycle Shift-Dir - straight line, f - four-headed hydra, p - tengu warrior
Aim: a four-headed hydra (86% to hit)
You shoot a bolt. The bolt hits the four-headed hydra.
The four-headed hydra is lightly wounded.
The four-headed hydra misses you. The four-headed hydra bites you!
* * * LOW HITPOINT WARNING * * *
The four-headed hydra closely misses you.
The four-headed hydra bites you!
* * * LOW HITPOINT WARNING * * *
Your tengu warrior unwields a +0 arbalest.
Your tengu warrior wields a +0 bardiche.
Your tengu warrior hits the four-headed hydra with a +0 bardiche!
Your tengu warrior hacks one of the four-headed hydra's heads off!
The three-headed hydra grows two more!
Your tengu warrior pecks the five-headed hydra.
Your tengu warrior claws the five-headed hydra!
Fire: 114 bolts
Press: ? - help, Q - select action, (/) - cycle Shift-Dir - straight line, f/p - five-headed hydra
Aim: a five-headed hydra (moderately wounded, ally target, 86% to hit)
You shoot a bolt. The bolt hits the five-headed hydra!
The five-headed hydra is heavily wounded.
The five-headed hydra bites you.
* * * LOW HITPOINT WARNING * * *
The five-headed hydra bites you!
You die...

##### ##### #.@.# #...# #
#QD.# #...#
..#.#.#(..####...########
..D...(...'..'...........
...D#.#...####[......##..
.. #.#...# #.......##.# #
#...# ###.....##.# #...#
########.# #...# #.#


You could see a five-headed hydra (ally target) and a friendly tengu warrior
(charmed).

Vanquished Creatures
  A hydra (D:11)
  A boulder beetle (D:11)
  Erica (D:10)
  An ugly thing (D:11)
  A cyclops (D:14)
  A manticore (D:11)
  A troll (D:11)
  3 wraiths
  3 wyverns
  Menkaure (D:5)
  2 steam dragons (D:7)
  Edmund (D:4)
  6 vampire mosquitoes
  A water moccasin (D:6)
  2 orc warriors (D:9)
  2 black bears
  A hornet zombie (D:8)
  A necrophage (D:7)
  2 ogres
  8 centaurs
  A kobold brigand (D:5)
  4 bullfrogs
  3 scorpions
  6 killer bees (D:8)
  3 wights (D:8)
  2 howler monkeys
  3 centaur zombies
  A bullfrog zombie (D:6)
  7 orc priests
  5 hounds
  A centaur skeleton (D:7)
  A gnoll shaman (D:9)
  5 iguanas
  7 orc wizards
  Natasha (D:3)
  A hound skeleton (D:5)
  A howler monkey zombie (D:8)
  3 gnolls (D:9)
  7 adders
  2 ufetubi
  3 worms
  43 orcs
  8 ball pythons
  3 endoplasms
  3 giant cockroaches (D:1)
  2 goblins
  9 hobgoblins
  11 jackals
  2 quokkas
  5 bats
  A frilled lizard (D:1)
  12 kobolds
  4 rats (D:2)
210 creatures vanquished.

Vanquished Creatures (collateral kills)
  A centaur zombie (D:11)
  A centaur (D:11)
2 creatures vanquished.

Vanquished Creatures (others)
  A vault guard (D:14)
  An orc priest (D:7)
2 creatures vanquished.

Grand Total: 214 creatures vanquished

Notes
Turn   | Place    | Note
-------+----------+-------------------------------------------
     0 | D:1      | dolemite99 the Minotaur Fighter began the quest for the
                  | Orb.
     0 | D:1      | Reached XP level 1. HP: 19/19 MP: 0/0
   221 | D:1      | Reached skill level 3 in Axes
   324 | D:1      | Found Kanesano's Jewellery Shop.
   337 | D:1      | Reached XP level 2. HP: 26/26 MP: 1/1
   768 | D:1      | Reached skill level 4 in Axes
  1089 | D:2      | Reached XP level 3. HP: 28/31 MP: 2/2
  1811 | D:2      | Reached skill level 5 in Axes
  1913 | D:2      | Reached XP level 4. HP: 34/39 MP: 3/3
  2355 | D:3      | Found an iron altar of Okawaru.
  2384 | D:3      | Became a worshipper of Warmaster Okawaru
  2473 | D:3      | You fall into a shaft and drop 1 floor!
  2782 | D:3      | Noticed Natasha
  2792 | D:3      | Killed Natasha
  2793 | D:3      | Reached skill level 6 in Axes
  2980 | D:3      | Reached XP level 5. HP: 36/45 MP: 4/4
  3211 | D:4      | Identified the +0 buckler of Fabulous Mirth {+Inv rPois
                  | Slay+5 Stlth-}
  3368 | D:4      | Reached skill level 7 in Axes
  3543 | D:4      | Found a hazy altar of Hepliaklqana.
  3544 | D:4      | Noticed Edmund
  3559 | D:4      | Killed Edmund
  3559 | D:4      | Reached * piety under Okawaru
  3560 | D:4      | Reached skill level 8 in Axes
  3560 | D:4      | Reached XP level 6. HP: 11/51 MP: 5/5
  4308 | D:5      | Entered Level 5 of the Dungeon
  4353 | D:5      | Found a shimmering blue altar of Sif Muna.
  4400 | D:5      | Reached skill level 9 in Axes
  4811 | D:5      | Reached XP level 7. HP: 57/57 MP: 6/6
  4903 | D:5      | Noticed Menkaure
  4916 | D:5      | Killed Menkaure
  5151 | D:5      | Found a hide-covered altar of Uskayaw.
  5709 | D:6      | Reached ** piety under Okawaru
  5940 | D:6      | Reached XP level 8. HP: 60/67 MP: 7/7
  6000 | D:6      | Reached skill level 5 in Fighting
  6000 | D:6      | Reached skill level 5 in Armour
  6329 | D:6      | Noticed Prince Ribbit
  6337 | D:6      | Noticed Prince Ribbit
  6337 | D:6      | Prince Ribbit changed into Prince Ribbit the water moccasin
  6342 | D:6      | Killed Prince Ribbit the water moccasin
  6550 | D:7      | Found a sparkling altar of Nemelex Xobeh.
  6900 | D:7      | Reached *** piety under Okawaru
  7349 | D:7      | Reached XP level 9. HP: 81/81 MP: 8/8
  7411 | D:7      | Reached skill level 10 in Axes
  7423 | D:7      | Reached skill level 11 in Axes
  7807 | D:7      | Found a staircase to the Ecumenical Temple.
  7840 | D:7      | Reached skill level 1 in Invocations
  7860 | D:7      | Found a stormy altar of Qazlal.
  8603 | D:8      | Reached skill level 5 in Invocations
  8646 | D:8      | Reached **** piety under Okawaru
  9643 | D:9      | Reached XP level 10. HP: 58/88 MP: 12/14
 10264 | D:9      | Found a staircase to the Orcish Mines.
 10671 | D:1      | Bought an amulet of faith for 560 gold pieces
 10950 | D:10     | Entered Level 10 of the Dungeon
 11182 | D:10     | Reached skill level 5 in Crossbows
 11478 | D:10     | Noticed Erica
 11564 | D:10     | Killed Erica
 11564 | D:10     | Reached ***** piety under Okawaru
 12192 | D:11     | Noticed a manticore
 12199 | D:11     | Killed a manticore
 12395 | D:11     | Noticed a cyan ugly thing
 12407 | D:11     | Received a gift from Okawaru
 12408 | D:11     | Reached skill level 12 in Axes
 12453 | D:11     | Killed a cyan ugly thing
 12453 | D:11     | Received a gift from Okawaru
 12885 | D:11     | Noticed a five-headed hydra
 12897 | D:11     | Killed a five-headed hydra
 12898 | D:11     | Reached skill level 13 in Axes
 12898 | D:11     | Reached XP level 11. HP: 55/94 MP: 13/15
 13086 | D:11     | Noticed a boulder beetle
 13098 | D:11     | Killed a boulder beetle
 13098 | D:11     | Received a gift from Okawaru
 13143 | D:11     | You fall into a shaft and drop 3 floors!
 13220 | D:14     | Killed a vault guard
 13248 | D:14     | Noticed a tengu warrior
 13248 | D:14     | Noticed a four-headed hydra
 13251 | D:14     | Noticed a centaur warrior
 13261 | D:14     | Slain by a five-headed hydra

Illustrated notes

Levels and vault maps discovered:
D:1:      dpeg_arrival_simpleton_a, layout_basic, serial_shops,
          nicolae_shop_waterfront, st_stairs_7, minmay_indecisive_spiral
D:2:      layout_rooms, kennysheep_generic_room_2
D:3:      layout_loops_ring, mainiacjoe_overflow_24_doors, chequers_garden,
          uniq_natasha
D:4:      layout_loops_cross, nzn_hepliaklqana_mist_gate, serial_park_tiny_pond,
          serial_park_tiny_1, uniq_edmund
D:5:      layout_basic, nicolae_uskayaw_dance_hall, lemuel_blue_sif_altar,
          minmay_misc_feat_square, kennysheep_generic_room_7, uniq_menkaure
D:6:      layout_basic, uniq_prince_ribbit1
D:7:      layout_basic, grunt_qazlal_clouds, nemelex_xobeh_ov_fountains_minmay,
          temple_hall
D:8:      layout_cave_pools, serial_glass, glass_columns_a, glass_columns_a,
          glass_columns_b, glass_columns_c
D:9:      layout_roguey, hiddenorc1_lemuel
D:10:     layout_irregular_city, uniq_erica
D:11:     layout_stronghold, dpeg_lair_monsters,
          portal_ice_cave_entry_animals_and_master, wad_rectangle_vault
D:14:     layout_basic, ximxim_vaults_locker_room, serial_shops,
          kennysheep_mini, hangedman_decor_points

Skill      XL: |  1  2  3  4  5  6  7  8  9 10 |
---------------+-------------------------------+-----
Axes           | 3 4 5 6 8 9 11 13 | 13.9
Crossbows      | 3 6 |  6.0
Fighting       | 4 7 |  7.8
Armour         | 4 7 |  7.8
Invocations    | 6 |  6.7
Evocations     | 4 |  4.0
Shields        | |  3.6

Action                   |  1- 3 |  4- 6 |  7- 9 | 10-12 || total
-------------------------+-------+-------+-------+-------++-------
Melee: War axe           |    83 |    94 |    93 |    29 ||   299
       Headbutt          |    14 |     7 |    17 |     3 ||    41
       Spear             |       |       |     8 |       ||     8
 Fire: Hand crossbow     |       |       |   126 |   121 ||   247
Throw: Stone             |    10 |    11 |     2 |       ||    23
       Dart              |       |    31 |    22 |     3 ||    56
Invok: Heroism           |       |       |     5 |     9 ||    14
Evoke: Wand              |       |       |     1 |     4 ||     5
  Use: Potion            |       |       |     2 |       ||     2
       Scroll            |       |       |     6 |     8 ||    14
Armor: Scale mail        |    10 |       |       |       ||    10
       Chain mail        |    49 |    38 |    71 |     1 ||   159
       Skin              |       |       |    19 |       ||    19
       Plate armour      |       |       |       |    74 ||    74
Dodge: Dodged            |    18 |    24 |    60 |    62 ||   164
Block: Kite shield       |    48 |    35 |       |       ||    83
       Buckler           |       |     8 |    33 |    36 ||    77

Table legend: (Time is in decaauts)
 A = Elapsed time spent in this place.
 B = Non-inter-level travel time spent in this place.
 C = Inter-level travel time spent in this place.
 D = Time resting spent in this place.
 E = Time spent auto-exploring this place.
 F = Levels seen in this place.
 G = Mean time per level.
                   A        B        C        D        E       F      G
               +--------+--------+--------+--------+--------+-----+--------+
         Total |  13393 |  12729 |    664 |   3233 |   7633 |  12 | 1116.1 |
       Dungeon |  13393 |  12729 |    664 |   3233 |   7633 |  12 | 1116.1 |
               +--------+--------+--------+--------+--------+-----+--------+

Top non-repeatable levels by time:
     D:7: 1626 daAuts
     D:8: 1405 daAuts
     D:5: 1379 daAuts
     D:4: 1342 daAuts
     D:1: 1264 daAuts
     D:2: 1171 daAuts
    D:11: 1142 daAuts
     D:9: 1133 daAuts
    D:10: 1000 daAuts
     D:6: 934 daAuts
     D:3: 875 daAuts
    D:14: 117 daAuts
